 Dungeon Crawl Stone Soup version 0.31-a0-1144-g99969ba1bc (webtiles) character file.

Game seed: 13397946450820157136

952 Maratek the Trooper (level 8, -1/56 HPs)
             Began as an Octopode Fighter on Dec 6, 2023.
             Was an Initiate of Dithmenos.
             Slain by an orc wizard
             ... wielding a +0 dagger
              (2 damage)
             ... in the Ecumenical Temple.
             The game lasted 00:07:04 (3299 turns).

Maratek the Trooper (Octopode Fighter)              Turns: 3299, Time: 00:07:05

Health: -1/56      AC:  1    Str: 17    XL:     8   Next: 14%
Magic:  8/8        EV: 19    Int: 10    God:    Dithmenos [......]
Gold:   228        SH:  5    Dex: 12    Spells: 7/7 levels left

rFire   + . .        j - +0 hand axe (venom)
rCold   . . .        b - +0 buckler
rNeg    . . .        (helmet restricted)
rPois   .            g - amulet of the acrobat
rElec   .            h - ring of flight
rCorr   .            i - +5 ring of evasion
SInv    .            l - ring of protection from fire
Will    .....        (no ring)
Stlth   ++           (no ring)
HPRegen 0.29/turn    (no ring)
MPRegen 0.11/turn    (no ring)
                     (no ring)

%: acrobat
@: mighty, flying
A: almost no armour, amphibious, 8 rings, camouflage 1, gelatinous body 1,
(nimble swimmer 1), tentacles
a: Renounce Religion


You were in the Ecumenical Temple.
You worshipped Dithmenos.
Dithmenos was noncommittal.
You visited 2 branches of the dungeon, and saw 7 of its levels.

You collected 228 gold pieces.

Inventory:

Hand Weapons
 a - a +0 war axe
 j - a +0 hand axe of venom (weapon)
Armour
 b - a +0 buckler (worn)
Jewellery
 g - an amulet of the acrobat (around mantle)
 h - a ring of flight (left tentacle)
 i - a +5 ring of evasion (right tentacle)
 k - an amulet of magic regeneration
 l - a ring of protection from fire (on tentacle)
Wands
 m - a wand of acid (8)
Scrolls
 d - 5 scrolls of teleportation
 o - a scroll of brand weapon {unknown}
 p - 3 scrolls of identify
 q - a scroll of revelation {unknown}
 s - a scroll of torment
Potions
 c - 2 potions of might
 e - a potion of enlightenment
 f - 2 potions of curing
 n - 2 potions of mutation {unknown}
 r - a potion of lignification {unknown}


   Skills:
 * Level 5.4 Fighting
 * Level 4.9 Axes
 * Level 5.4 Dodging
 * Level 5.3 Shields


You had 7 spell levels left.
You didn't know any spells.
Your spell library contained the following spells:

 Spells                   Type           Power      Damage    Failure   Level
 Necrotise                Necr           0%         1d4       43%         1
 Vampiric Draining        Necr           0%         2d6       80%         3
 Olgreb's Toxic Radiance  Pois           0%         N/A       99%         4
 Agony                    Necr           0%         N/A       100%        5
 Discord                  Hex            0%         N/A       100%        8
 Ignition                 Fire           0%         3d3       100%        8


Dungeon Overview and Level Annotations

Branches:
Dungeon (7/15)             Temple (1/1) D:6

Altars:
Ashenzari
Dithmenos
Gozag
Nemelex Xobeh
Okawaru
Qazlal
Ru
Sif Muna
Trog
Vehumet
Wu Jian
Xom
The Shining One


Innate Abilities, Weirdness & Mutations

You cannot wear most types of armour.
You are amphibious.
You can wear up to eight rings at the same time.
Your skin changes colour to match your surroundings (Stealth+).
Your rubbery body absorbs attacks. (AC +1, EV +1)
((You are camouflaged when in or above water. (Stealth+)))
You have tentacles for arms and can constrict up to eight enemies at once.


Message History

The black bear closely misses you.
The black bear claws you but does no damage.
Something hits you.
* * * LOW HITPOINT WARNING * * *
The shadow imp barely misses you.
You feel much better. The black bear bites you! The black bear claws you. x2
Something hits you.
* * * LOW HITPOINT WARNING * * *
The shadow imp hits you but does no damage.
You feel very mighty all of a sudden. The black bear closely misses you.
The black bear claws you.
* * * LOW HITPOINT WARNING * * *
The black bear claws you.
* * * LOW HITPOINT WARNING * * *
Something hits you.
* * * LOW HITPOINT WARNING * * *
The shadow imp closely misses you.
You feel better.
The black bear goes berserk!
Something hits you.
* * * LOW HITPOINT WARNING * * *
The shadow imp hits you but does no damage.
You closely miss something. You hit the black bear.
The black bear looks as sick as possible!
You hit the shadow imp.
You kill the shadow imp!
Dithmenos accepts your kill. The black bear misses you.
The black bear claws you.
* * * LOW HITPOINT WARNING * * *
The black bear claws you!
* * * LOW HITPOINT WARNING * * *
Something barely misses you. The black bear completely misses you.
The black bear barely misses you. The black bear claws you.
* * * LOW HITPOINT WARNING * * *
Something hits you.
* * * LOW HITPOINT WARNING * * *
You miss something. Your squeeze misses something.
You barely miss the black bear.
You kill the black bear!
Dithmenos accepts your kill. Something hits you.
You die...

##### ##...##
####.....#
##.....@{.#
####.........#
##....._......#
####.............#
##....._......._..#
##.................#
...._.......⌠......#
...................#
_......._......._..#


There were no monsters in sight!

Vanquished Creatures
  Pikel (D:4)
  A black bear (Temple)
  A lemure (D:4)
  A bullfrog (D:6)
  2 howler monkeys (D:7)
  An orc priest (D:4)
  Jessica (D:2)
  Ijyb (D:3)
  2 orc wizards
  Terence (D:3)
  Robin (D:3)
  3 adders
  A shadow imp (Temple)
  A white imp (D:7)
  2 worms
  3 dart slugs
  18 orcs
  4 bats
  11 endoplasms
  2 giant cockroaches
  17 hobgoblins
  9 jackals
  5 quokkas
  5 ball pythons
  3 frilled lizards
  19 goblins
  5 kobolds
  A rat (D:2)
122 creatures vanquished.

Notes
Turn   | Place    | Note
-------+----------+-------------------------------------------
     0 | D:1      | Maratek the Octopode Fighter began the quest for the Orb.
     0 | D:1      | Reached XP level 1. HP: 16/16 MP: 1/1
    75 | D:1      | Reached XP level 2. HP: 21/21 MP: 2/2
    84 | D:1      | Found Xeocrugh's Antique Armour Boutique.
   440 | D:1      | Reached XP level 3. HP: 26/26 MP: 3/3
  1122 | D:2      | Reached XP level 4. HP: 31/31 MP: 4/4
  1138 | D:2      | Noticed Jessica
  1145 | D:2      | Killed Jessica
  1465 | D:2      | Reached XP level 5. HP: 28/37 MP: 5/5
  1957 | D:3      | Noticed Robin
  1980 | D:3      | Killed Robin
  2262 | D:3      | Noticed Terence
  2270 | D:3      | Killed Terence
  2301 | D:3      | Noticed Ijyb
  2306 | D:3      | Killed Ijyb
  2307 | D:3      | Reached XP level 6. HP: 39/43 MP: 6/6
  2834 | D:4      | Noticed Pikel
  2865 | D:4      | Killed Pikel
  2866 | D:4      | Reached skill level 5 in Fighting
  2866 | D:4      | Reached skill level 5 in Dodging
  2866 | D:4      | Reached skill level 5 in Shields
  2866 | D:4      | Reached XP level 7. HP: 16/50 MP: 7/7
  3121 | D:4      | You are sucked into a shaft and drop 3 floors!
  3251 | D:7      | Reached XP level 8. HP: 55/55 MP: 8/8
  3256 | D:6      | Found a staircase to the Ecumenical Temple.
  3260 | Temple   | Entered the Ecumenical Temple
  3270 | Temple   | Became a worshipper of Dithmenos the Shadowed
  3298 | Temple   | HP: 1/56 [something (2)]
  3299 | Temple   | Slain by an orc wizard

Illustrated notes

Levels and vault maps discovered:
D:1:      enne_arrival_octagon_isle, layout_basic, serial_shops, shop,
          nicolae_titane
D:2:      cheibrodos_greedy_goblins, layout_loops_ring, minmay_joined_circles,
          uniq_jessica
D:3:      layout_basic, uniq_ijyb, uniq_robin, uniq_terence
D:4:      layout_loops_ring, cheibrodos_worm_habitat, hangedman_decor_lopped,
          uniq_pikel
D:6:      layout_loops_ring, kennysheep_mini_moat, mainiacjoe_overflow_catwalk,
          minmay_temple_entry_mini_moons, kennysheep_generic_room_6,
          uniq_jeremiah
D:7:      layout_loops_ring, gammafunk_ghost_smash, serial_shops,
          nicolae_shop_mannequins, nicolae_stop_n_shop_2, nicolae_square_shop
Temple:   nicolae_temple_ecumenical_triangle

Skill      XL: |  1  2  3  4  5  6 |
---------------+-------------------+-----
Axes           | 3 4 |  4.9
Fighting       | 4 5 |  5.4
Dodging        | 4 5 |  5.4
Shields        | 4 5 |  5.3

Action                     |  1- 3 |  4- 6 |  7- 9 || total
---------------------------+-------+-------+-------++-------
  Melee: War axe           |    79 |    73 |       ||   152
         Constrict         |    23 |    39 |     7 ||    69
         Tentacles         |    11 |    35 |     7 ||    53
         Punch             |     1 |       |       ||     1
         Hand axe          |       |    51 |    24 ||    75
    Use: Scroll            |     5 |     1 |       ||     6
         Potion            |       |     2 |     3 ||     5
   Stab: Sleeping          |     7 |     4 |     1 ||    12
 Armour: Skin              |    26 |    40 |    31 ||    97
  Dodge: Dodged            |    52 |    88 |    38 ||   178
  Block: Buckler           |    15 |    25 |     8 ||    48

Table legend: (Time is in decaauts)
 A = Elapsed time spent in this place.
 B = Non-inter-level travel time spent in this place.
 C = Inter-level travel time spent in this place.
 D = Time resting spent in this place.
 E = Time spent auto-exploring this place.
 F = Levels seen in this place.
 G = Mean time per level.
                   A        B        C        D        E       F      G
               +--------+--------+--------+--------+--------+-----+--------+
         Total |   3368 |   3249 |    119 |    406 |   2225 |   7 |  481.1 |
       Dungeon |   3339 |   3236 |    103 |    406 |   2225 |   6 |  556.5 |
        Temple |     28 |     12 |     16 |      0 |      0 |   1 |   28.0 |
               +--------+--------+--------+--------+--------+-----+--------+

Top non-repeatable levels by time:
     D:2: 1058 daAuts
     D:1: 829 daAuts
     D:3: 650 daAuts
     D:4: 649 daAuts
     D:7: 135 daAuts
  Temple: 28 daAuts
     D:6: 16 daAuts
